 Dungeon Crawl Stone Soup version 0.23.2-1-ga50397a (webtiles) character file.

Game seed: 5406220888095997108

247 xveg the Shooter (level 5, -2/46 HPs)
             Began as a Minotaur Hunter on May 8, 2019.
             Was an Initiate of the Shining One.
             Slain by Valentain's ghost (6 damage)
             ... on level 3 of the Dungeon.
             The game lasted 00:06:48 (2917 turns).

xveg the Shooter (Minotaur Hunter)                  Turns: 2917, Time: 00:06:50

Health: -2/46      AC:  5    Str: 22    XL:     5   Next: 85%
Magic:  4/4        EV: 11    Int:  8    God:    the Shining One [......]
Gold:   165        SH:  0    Dex: 11    Spells: 4/4 levels left

rFire    . . .     SeeInvis .   a - +1 shortbow
rCold    . . .     Gourm    .   (shield currently unavailable)
rNeg     . . .     Faith    .   s - +0 ring mail
rPois    .         Spirit   .   (helmet restricted)
rElec    .         Reflect  .   (no cloak)
rCorr    .         Harm     .   (no gloves)
MR       .....                  (no boots)
Stlth    +.........             (no amulet)
HPRegen  0.15/turn              (no ring)
MPRegen  0.09/turn              (no ring)

@: mighty, glowing
A: retaliatory headbutt, horns 2
a: Renounce Religion


You were on level 3 of the Dungeon.
You worshipped the Shining One.
The Shining One was noncommittal.
You were not hungry.

You visited 1 branch of the dungeon, and saw 3 of its levels.

You collected 165 gold pieces.

Inventory:

Hand Weapons
 a - a +1 shortbow (weapon)
 b - a +0 short sword
Missiles
 o - 47 stones
 p - 13 sling bullets
 q - 2 javelins of penetration (quivered)
Armour
 c - a +0 leather armour
 s - a +0 ring mail (worn)
Scrolls
 e - 3 scrolls of remove curse
 j - a scroll of identify
 l - a scroll of blinking
 m - a scroll of teleportation
Potions
 h - a potion of mutation {unknown}
 n - a potion of magic {unknown}
 r - a potion of lignification {unknown}
Comestibles
 f - 8 rations


   Skills:
 + Level 3.6 Fighting
 + Level 1.2 Short Blades
 + Level 6.8 Bows
 + Level 1.6 Armour
 + Level 2.6 Dodging
 + Level 0.8 Stealth


You had 4 spell levels left.
You didn't know any spells.
Your spell library contained the following spells:

 Spells                   Type           Power        Failure   Level  Hunger
 Apportation              Tloc           #.....       56%         1    ##.....
 Summon Butterflies       Summ           #.......     56%         1    ##.....
 Lesser Beckoning         Tloc           #.........   91%         3    ####...
 Tukima's Dance           Hex            #.......     91%         3    ####...
 Alistair's Intoxication  Tmut/Pois      #.......     100%        5    ######.
 Invisibility             Hex            #.......     100%        6    #######


Dungeon Overview and Level Annotations

Branches:
Dungeon (3/15)

Altars:
The Shining One

Annotations:
D:3 Valentain's ghost, amateur OpSk


Innate Abilities, Weirdness & Mutations

You reflexively headbutt those who attack you in melee.
You have a pair of horns on your head.


Message History

Press: ? - help, Shift-Dir - straight line, f/p - Valentain's ghost
Aim: Valentain's ghost (almost destroyed, regenerating)
You throw a javelin of penetration.
The javelin of penetration barely misses Valentain's ghost.
Valentain's ghost closely misses you. You furiously retaliate!
You headbutt Valentain's ghost, but do no damage.
Throwing (i - inventory. (/) - cycle)
q - 3 javelins of penetration (quivered)
Press: ? - help, Shift-Dir - straight line, f/p - Valentain's ghost
Aim: Valentain's ghost (almost destroyed, regenerating)
You throw a javelin of penetration.
The javelin of penetration pierces through Valentain's ghost.
Valentain's ghost is almost destroyed.
Valentain's ghost hits you.
* * * LOW HITPOINT WARNING * * *
Valentain's ghost hits you.
* * * LOW HITPOINT WARNING * * *
It was a potion of might.
You feel very mighty all of a sudden. Valentain's ghost hits you.
You die...

#.# #........... #.#
########.### #.# #.#
#.# ###### #.# #.#
#P.#(## #.### #.#
#8?'.)# #....
#.#####P.#(.# #####
#######.#.>>####W.#
[.......#.### #@##
#####...<.# #=# #
#.####### #.# ### #
#.......####.########
#.. #
#.#####.....#.......#
#.# #####.#
######.######.# #.#
......# #.######.#
##.# #####.#
#.....##.# ###.^. #
#.# #####.##.# #.....


You could see Valentain's ghost.

Vanquished Creatures
  An ogre (D:3)
  An orc wizard (D:3)
  3 adders
  3 worms
  A dart slug (D:2)
  4 leopard geckos
  5 orcs (D:3)
  4 ball pythons
  6 giant cockroaches
  9 goblins
  9 hobgoblins
  7 jackals
  9 kobolds
  A quokka (D:3)
  8 bats
  3 frilled lizards
  A leopard gecko skeleton (D:3)
  12 rats
87 creatures vanquished.

Notes
Turn   | Place    | Note
-------+----------+-------------------------------------------
     0 | D:1      | xveg the Minotaur Hunter began the quest for the Orb.
     0 | D:1      | Reached XP level 1. HP: 18/18 MP: 0/0
   134 | D:1      | Reached XP level 2. HP: 25/25 MP: 1/1
   186 | D:1      | Reached skill level 5 in Bows
   958 | D:2      | Reached XP level 3. HP: 30/30 MP: 2/2
  1080 | D:2      | Found a faded altar of an unknown god.
  1181 | D:2      | Reached XP level 4. HP: 37/37 MP: 3/3
  1183 | D:2      | Found a glowing golden altar of the Shining One.
  1282 | D:2      | Reached skill level 6 in Bows
  1505 | D:2      | Became a worshipper of the Shining One
  1607 | D:3      | Reached skill level 1 in Armour
  2145 | D:3      | Reached XP level 5. HP: 25/45 MP: 4/4
  2516 | D:3      | Noticed an ogre
  2529 | D:3      | Killed an ogre
  2529 | D:3      | Reached skill level 1 in Short Blades
  2774 | D:3      | Found a runed translucent door.
  2794 | D:3      | Noticed Valentain's ghost (amateur OpSk)
  2917 | D:3      | Slain by Valentain's ghost

Skill      XL: |  1  2  3  4  5 |
---------------+----------------+-----
Bows           | 5 6 |  6.8
Fighting       | 3 |  3.6
Armour         | 1 |  1.6
Short Blades   | 1 |  1.2
Dodging        | |  2.6
Stealth        | |  0.8

Action                   |  1- 3 |  4- 6 || total
-------------------------+-------+-------++-------
Melee: Short sword       |       |    91 ||    91
       Headbutt          |       |    11 ||    11
 Fire: Shortbow          |    89 |    76 ||   165
Throw: Stone             |       |     7 ||     7
       Javelin           |       |     5 ||     5
  Use: Scroll            |     5 |       ||     5
       Potion            |       |     3 ||     3
  Eat: Ration            |       |     2 ||     2
       Chunk             |       |     1 ||     1
Armor: Leather armour    |     6 |    31 ||    37
       Ring mail         |       |     6 ||     6
Dodge: Dodged            |    20 |    96 ||   116
